 Dungeon Crawl Stone Soup version 0.22-a0-460-g49b1da7 (webtiles) character file.

70728 4thArraOfDagon the Fencer (level 15, -8/134 HPs)
             Began as a Hill Orc Fighter on June 9, 2018.
             Was a High Priest of Beogh.
             Killed from afar by a deep elf high priest (23 damage)
             ... with damnation
             ... on level 3 of the Elven Halls.
             The game lasted 00:54:56 (10036 turns).

4thArraOfDagon the Fencer (Hill Orc Fighter)       Turns: 10036, Time: 00:54:57

Health: -8/134     AC: 17    Str: 22    XL:     15   Next: 34%
Magic:  0/32       EV: 15    Int: 20    God:    Beogh [*****.]
Gold:   577        SH:  7    Dex: 13    Spells: 20/23 levels left

rFire    + . .     SeeInvis +   H - +3 demon blade (freeze)
rCold    + . .     Gourm    +   B - +2 buckler {AC+3}
rNeg     + . .     Faith    .   P - +7 scale mail "Kappokk" {rElec Regen+ Str-4 Int+7 Slay+2}
rPois    .         Spirit   +   s - +2 hat of the Bear Spirit {Spirit, +Rage rN+ MR++}
rElec    +         Reflect  .   (no cloak)
rCorr    .         Harm     .   a - +0 pair of gloves
MR       +++..     Rnd*Tele +   (no boots)
Stlth    ..........             l - amulet of the gourmand
HPRegen  0.72/turn              e - ring of magical power
MPRegen  0.23/turn              n - ring "Fuat Gawni" {rF+ rC+ Dex+3 SInv}

@: mighty, corroded, very slightly contaminated, hasted, drained, very quick
A: walk on water, robust 1, teleportitis 1
a: Smiting, Recall Orcish Followers, Give Item to Named Follower, Renounce
Religion, Evoke Berserk Rage


You were on level 3 of the Elven Halls.
You worshipped Beogh.
Beogh was extremely pleased with you.
You were not hungry.

You visited 3 branches of the dungeon, and saw 20 of its levels.
You also visited: Ice Cave.

You collected 1976 gold pieces.
You spent 1399 gold pieces at shops.

Inventory:

Hand Weapons
 H - a +3 demon blade of freezing (weapon)
 I - a +0 double sword of holy wrath
 W - a +0 blowgun
 X - a +3 scimitar of flaming
Missiles
 t - 7 curare-tipped needles
 D - a throwing net (quivered)
Armour
 a - a +0 pair of gloves (worn)
 s - the +2 hat of the Bear Spirit (worn) {Spirit, +Rage rN+ MR++}
   (You bought it in a shop on level 2 of the Orcish Mines)

   It protects you from negative energy.
   It affects your resistance to hostile enchantments.
   It lets you go berserk.
 B - a +2 buckler of protection (worn)
 P - the +7 scale mail "Kappokk" (worn) {rElec Regen+ Str-4 Int+7 Slay+2}
   (You bought it in a shop on level 11 of the Dungeon)

   It affects your strength (-4).
   It affects your intelligence (+7).
   It affects your accuracy and damage with ranged weapons and melee attacks
   (+2).
   It insulates you from electricity.
   It increases your rate of regeneration.
Magical Staves
 T - an uncursed staff of earth
Jewellery
 e - a ring of magical power (left hand)
 j - a +1 ring of slaying {unknown}
 l - an amulet of the gourmand (around neck)
 n - the ring "Fuat Gawni" (right hand) {rF+ rC+ Dex+3 SInv}
   (You found it on level 1 of the Elven Halls)

   [ring of see invisible]

   It affects your dexterity (+3).
   It protects you from fire.
   It protects you from cold.
   It lets you see invisible.
 A - an uncursed ring of poison resistance
 Y - an uncursed ring of protection from cold
Wands
 h - a wand of iceblast (12)
 r - a wand of random effects (16)
 w - a wand of flame (31)
 E - a wand of polymorph (10)
 G - a wand of clouds (1)
 K - a wand of digging (12)
 U - a wand of paralysis (19)
 V - a wand of scattershot (5)
Scrolls
 i - 2 scrolls of magic mapping
 m - 8 scrolls of enchant armour
 o - 2 scrolls of noise
 p - 3 scrolls of amnesia
 u - a scroll of teleportation
 x - 6 scrolls of remove curse
 y - 2 scrolls of immolation
 F - a scroll of fear
 L - 2 scrolls of blinking
 N - a scroll of summoning
 O - a scroll of silence
Potions
 b - a potion of invisibility {unknown}
 c - 3 potions of brilliance
 d - a potion of might
 g - 2 potions of curing
 k - 2 potions of berserk rage
 q - a potion of resistance
 v - 3 potions of haste
 z - a potion of flight
 C - 4 potions of magic
 J - 3 potions of lignification {unknown}
 M - a potion of heal wounds {unknown}
 R - a potion of cancellation {unknown}
Miscellaneous
 Q - a phantom mirror
 S - a lamp of fire
 Z - a phial of floods
Comestibles
 f - 28 rations


   Skills:
 - Level 8.3 Fighting
 * Level 17.8(17.7) Long Blades
 + Level 9.1(9.0) Armour
 + Level 8.9(8.8) Dodging
 - Level 4.0(3.9) Shields
 + Level 4.9(4.8) Spellcasting
 - Level 6.1(6.0) Charms
 - Level 6.7(6.6) Necromancy
 + Level 11.7(11.6) Invocations
 + Level 3.7(3.6) Evocations


You had 20 spell levels left.
You knew the following spells:

 Your Spells              Type           Power        Failure   Level  Hunger
a - Regeneration          Chrm/Necr      ####......   6%          3    ##.....

Your spell library contained the following spells:

 Spells                   Type           Power        Failure   Level  Hunger
 Conjure Flame            Conj/Fire      #.......     63%         3    ##.....
 Bolt of Cold             Conj/Ice       #.........   100%        6    #######
 Lightning Bolt           Conj/Air       #.........   100%        5    ######.
 Confuse                  Hex            #.......     63%         3    ##.....
 Freezing Cloud           Conj/Ice/Air   #.........   100%        6    #######
 Mephitic Cloud           Conj/Pois/Air  #.......     63%         3    ##.....
 Ring of Flames           Chrm/Fire      ###.......   100%        7    #######
 Bolt of Draining         Conj/Necr      ###.......   88%         5    ######.
 Animate Dead             Necr           N/A          17%         4    ####...
 Pain                     Necr           ####         1%          1    None
 Animate Skeleton         Necr           N/A          1%          1    None
 Vampiric Draining        Necr           ####......   5%          3    ##.....
 Ozocubu's Refrigeration  Ice            #.........   100%        6    #######
 Tukima's Dance           Hex            #.......     63%         3    ##.....
 Shock                    Conj/Air       #...         26%         1    None
 Swiftness                Chrm/Air       ###.....     12%         2    #......
 Spider Form              Tmut/Pois      #.........   63%         3    ##.....
 Blade Hands              Tmut           #.........   100%        5    ######.
 Ice Form                 Ice/Tmut       #.......     95%         4    ####...
 Airstrike                Air            #.........   95%         4    ####...
 Sticks to Snakes         Tmut           #.......     38%         2    #......
 Ensorcelled Hibernation  Hex/Ice        #.....       38%         2    #......
 Metabolic Englaciation   Hex/Ice        #.........   100%        5    ######.
 Static Discharge         Conj/Air       #.......     63%         3    ##.....
 Corona                   Hex            #......      26%         1    None
 Simulacrum               Ice/Necr       ###.......   100%        6    #######
 Excruciating Wounds      Chrm/Necr      ####......   47%         5    ######.
 Beastly Appendage        Tmut           #.....       26%         1    None
 Dazzling Spray           Conj/Hex       #.....       63%         3    ##.....
 Poisonous Vapours        Pois/Air       #.....       38%         2    #......
 Borgnjor's Vile Clutch   Necr/Erth      ###.......   88%         5    ######.


Dungeon Overview and Level Annotations

Branches:
Dungeon (15/15)            Temple (0/1) D:6            Lair (0/6) D:8
    Orc (2/2) D:11            Elf (3/3) Orc:2        Vaults (0/5) D:13
 Depths: D:15

Altars:
Gozag
Kikubaaqudgha
Makhleb
Nemelex Xobeh
Trog
Wu Jian
Zin
The Shining One
Beogh

Shops:
D:9 %=   D:11 [   D:15 (   Orc:1 *   Orc:2 ((([   Elf:2 (*[}}

Portals:
Trove: Elf:1 (show abyssal rune of Zot)

Annotations:
D:5 Prince Ribbit
Elf:2 5 runed doors


Innate Abilities, Weirdness & Mutations

You can walk on water.
You are robust. (+10% HP)
You are occasionally teleported next to monsters.


Message History

The earth elemental closely misses you.
A deep elf high priest comes into view. It is wielding a long sword.
Unknown command.
Unknown command.
You feel better.
Your surroundings suddenly seem different.
A deep elf annihilator comes into view. It is wielding a dagger.
A deep elf demonologist comes into view.
It is wielding a long sword.
Unknown command.
Unknown command.
Okay, then.
Unknown command.
Blink to where?
Press: ? - help, Dir - move target cursor You are very lightly contaminated with residual magic.
As you read the scroll of blinking, it crumbles to dust.
The deep elf demonologist seems less brilliant.
The deep elf high priest mumbles some strange prayers to its god against you.
The sphere of damnation explodes!
The damnation engulfs you!
You die...

###########
..E.......####
exE2x.##...?.###
..)..1..#.#....##
#####4e.e..#....#
###.4E#....##
#ee.....#
..§§e§.§.##.@#
......§§..#..#
..§§.§.§#.e#..
####§..§#..##.#
##§§.##.. .#
#.... ..#.# #§§§.
....# .#


You could see 2 deep elf demonologists, an orange demon, a deep elf high priest
and an air elemental.

Vanquished Creatures
  2 deep elf sorcerers
  A frost giant (IceCv)
  A deep elf demonologist (Elf:1)
  2 deep elf death magi
  An ogre mage (D:13)
  A deep elf high priest (Elf:3)
  Josephine (Orc:2)
  6 dancing weapons
  2 centaur warriors
  3 two-headed ogres
  3 death yaks (IceCv)
  6 tengu warriors (D:15)
  2 orc high priests
  Urug (D:12)
  3 deep elf knights
  3 skeletal warriors (D:12)
  An unseen horror (shapeshifter) (D:13)
  2 unseen horrors
  An orc knight (Orc:2)
  5 deep elf archers
  A necromancer (Elf:1)
  The ghost of Tiareth the Thaumaturge, a novice DEWz of Cheibriados (D:8)
  13 deep elf magi
  4 manticores
  An orc sorcerer (Orc:2)
  A manticore (shapeshifter) (D:13)
  A large abomination (Elf:1)
  3 cyclopes
  10 ugly things (D:15)
  An ice statue (IceCv)
  2 gargoyles
  A centaur skeleton (D:15)
  4 kobold demonologists (D:12)
  An efreet (D:13)
  A komodo dragon (D:14)
  2 ice devils (D:13)
  3 trolls
  11 polar bears (IceCv)
  A meliai zombie (D:11)
  2 hippogriffs
  A spriggan (D:8)
  A shadow (D:15)
  A fire elemental (Elf:2)
  5 wraiths
  A golden eye (D:12)
  16 yaks
  3 hungry ghosts
  6 vampire mosquitoes
  3 wargs
  A soldier ant (D:13)
  Duvessa (D:4)
  27 orc warriors
  A hornet zombie (D:15)
  2 ice beasts
  2 sky beasts
  A necrophage (D:9)
  16 wolves (IceCv)
  5 ogres
  11 centaurs
  3 big kobolds (D:12)
  5 bullfrogs
  2 gnoll sergeants
  A wyvern skeleton (D:11)
  Dowan (D:4)
  A water moccasin skeleton (D:5)
  A scorpion (D:4)
  3 killer bees (D:10)
  3 wights (D:13)
  4 electric eels
  A bullfrog zombie (D:12)
  3 crimson imps
  4 centaur zombies
  A quasit (D:14)
  3 hounds
  A bullfrog skeleton (D:4)
  5 orc priests
  A gnoll shaman (D:8)
  A jelly (D:13)
  10 orc wizards
  Terence (D:2)
  9 worker ants
  Natasha (thrice) (D:2)
  3 hound skeletons
  A howler monkey zombie (D:9)
  12 gnolls
  5 adders
  8 shadow imps
  An ooze (D:1)
  An adder zombie (D:8)
  2 worms (D:2)
  A dart slug (D:1)
  4 leopard geckos
  33 orcs
  2 ball pythons
  4 giant cockroaches
  2 hobgoblins
  9 jackals
  3 quokkas
  3 bats
  4 frilled lizards
  13 goblins
  A jackal skeleton (D:4)
  21 kobolds
  9 rats
424 creatures vanquished.

Vanquished Creatures (collateral kills)
  A dancing weapon (Elf:2)
  2 deep elf knights
  2 deep elf archers (Elf:2)
  An orc knight (D:11)
  8 deep elf magi
  A manticore (D:11)
  An ugly thing (D:11)
  A cyclops (Orc:1)
  A gargoyle (D:10)
  A polar bear (IceCv)
  4 trolls
  A hippogriff (D:13)
  A wraith (D:10)
  A wyvern (D:12)
  2 yaks (IceCv)
  3 hungry ghosts
  A yak (shapeshifter) (D:14)
  A vampire mosquito (D:14)
  8 orc warriors
  2 phantoms (D:11)
  3 ogres
  5 centaurs
  An elf zombie (Elf:1)
  A gnoll sergeant (D:8)
  2 bullfrogs
  An earth elemental (Elf:2)
  A scorpion (D:12)
  2 killer bees (D:10)
  A crimson imp (D:11)
  A quasit (D:9)
  2 bullfrog zombies
  A hound (D:7)
  3 orc priests
  A bullfrog skeleton (D:12)
  4 worker ants
  An iguana (D:11)
  6 orc wizards
  5 gnolls (D:8)
  A leopard gecko (D:5)
  17 orcs
  2 jackals
104 creatures vanquished.

Vanquished Creatures (others)
  6 orc knights
  An orc sorcerer (Orc:2)
  A polar bear (IceCv)
  A yak (IceCv)
  12 orc warriors
  7 orc priests
  9 orc wizards
  47 orcs
  A kobold (D:3)
  A goblin (D:3)
86 creatures vanquished.

Grand Total: 614 creatures vanquished

Notes
Turn   | Place    | Note
-------+----------+-------------------------------------------
     0 | D:1      | 4thArraOfDagon the Hill Orc Fighter began the quest for the Orb.
     0 | D:1      | Reached XP level 1. HP: 19/19 MP: 1/1
    43 | D:1      | Reached XP level 2. HP: 26/27 MP: 2/2
   106 | D:1      | Reached skill level 3 in Long Blades
   225 | D:2      | Noticed a moth of wrath
   304 | D:3      | Reached XP level 3. HP: 19/33 MP: 3/3
   306 | D:3      | Became a worshipper of Beogh the Brigand
   388 | D:3      | Reached skill level 8 in Long Blades
   388 | D:3      | Reached XP level 4. HP: 6/47 MP: 4/4
   389 | D:3      | Gained mutation: You are occasionally teleported next to monsters. [potion of mutation]
   389 | D:3      | Gained mutation: You are robust. (+10% HP) [potion of mutation]
   403 | D:2      | Noticed Natasha
   405 | D:2      | You fall through a shaft!
   416 | D:3      | Reached skill level 12 in Long Blades
   416 | D:3      | Reached XP level 5. HP: 14/57 MP: 5/5
   572 | D:4      | Reached XP level 6. HP: 21/66 MP: 6/6
   657 | D:4      | Found a bloodstained altar of Trog.
   673 | D:4      | Noticed Duvessa
   673 | D:4      | Noticed Dowan
   693 | D:4      | You fall through a shaft!
   693 | D:5      | Entered Level 5 of the Dungeon
   696 | D:5      | Noticed Prince Ribbit
   775 | D:3      | Reached skill level 13 in Long Blades
   804 | D:3      | Reached * piety under Beogh
   930 | D:2      | Killed Natasha
  1038 | D:2      | Noticed Terence
  1057 | D:2      | Killed Terence
  1095 | D:2      | Found an ancient bone altar of Kikubaaqudgha.
  1134 | D:2      | Found a bloodstained altar of Trog.
  1198 | D:2      | Noticed Natasha
  1204 | D:2      | Killed Natasha
  1293 | D:2      | Noticed Natasha
  1302 | D:2      | Killed Natasha
  1302 | D:2      | Reached skill level 1 in Invocations
  1302 | D:2      | Reached XP level 7. HP: 70/73 MP: 7/7
  1550 | D:4      | Reached ** piety under Beogh
  1646 | D:4      | Killed Duvessa
  1651 | D:4      | Killed Dowan
  1834 | D:4      | Found a sparkling altar of Nemelex Xobeh.
  1835 | D:4      | Found an opulent altar of Gozag.
  2016 | D:5      | Reached *** piety under Beogh
  2051 | D:5      | Found a runed door.
  2090 | D:5      | Reached XP level 8. HP: 81/81 MP: 9/9
  2212 | D:5      | Found a roughly hewn altar of Beogh.
  2410 | D:6      | Found a bloodstained altar of Trog.
  2413 | D:6      | Found a glowing golden altar of the Shining One.
  2416 | D:6      | Found a burning altar of Makhleb.
  2448 | D:6      | iamserjio: where is shield and axe T_T
  2597 | D:6      | Found a staircase to the Ecumenical Temple.
  2839 | D:7      | Reached XP level 9. HP: 72/89 MP: 11/11
  3065 | D:8      | Reached **** piety under Beogh
  3182 | D:8      | Gained Garbold as an ally
  3212 | D:8      | Noticed Tiareth's ghost (novice DEWz)
  3217 | D:8      | Killed Tiareth's ghost
  3217 | D:8      | Reached skill level 5 in Dodging
  3397 | D:8      | Found a staircase to the Lair.
  3457 | D:8      | Reached skill level 14 in Long Blades
  3470 | D:8      | Noticed a deep elf mage
  3478 | D:8      | Killed a deep elf mage
  3478 | D:8      | Reached skill level 5 in Invocations
  3478 | D:8      | Reached XP level 10. HP: 68/97 MP: 13/13
  3542 | D:9      | Gained Ognian as an ally
  3700 | D:9      | Found Nohyeps's Food Shoppe.
  3705 | D:9      | 4thArraOfDagon: hi
  3705 | D:9      | 4thArraOfDagon: well its bit unconventional but still good!
  3782 | D:9      | Found Femaokk's Jewellery Emporium.
  3861 | D:10     | Entered Level 10 of the Dungeon
  3884 | D:10     | Noticed a gargoyle
  3896 | D:10     | Your ally Garbold died
  3896 | D:10     | Killed a gargoyle
  3951 | D:10     | Your ally Ognian died
  4101 | D:10     | Found an ornate altar of the Wu Jian Council.
  4182 | D:10     | Learned a level 3 spell: Regeneration
  4251 | D:11     | Killed an unseen horror
  4277 | D:11     | Found a staircase to the Orcish Mines.
  4300 | D:11     | Noticed a manticore
  4308 | D:11     | Killed a manticore
  4347 | D:11     | Found Piysuv's Antique Armour Shop.
  4365 | D:11     | Bought a bloodstained scale mail for 180 gold pieces
  4375 | D:11     | Identified the +7 scale mail "Kappokk" {rElec Regen+ Str-4 Int+7 Slay+2} (You bought it in a shop on level 11 of the Dungeon)
  4426 | D:11     | Found a glowing silver altar of Zin.
  4455 | D:11     | Noticed an orc knight
  4455 | D:11     | Noticed a gargoyle
  4480 | D:11     | Killed an orc knight
  4485 | D:11     | Reached XP level 11. HP: 93/104 MP: 15/15
  4523 | D:11     | Gained Arbeogh as an ally
  4670 | D:11     | Noticed a brown ugly thing
  4682 | D:11     | Killed a brown ugly thing
  4762 | D:12     | Noticed a skeletal warrior
  4767 | D:12     | Reached skill level 15 in Long Blades
  4769 | D:12     | Noticed a manticore
  4773 | D:12     | Noticed a skeletal warrior
  4777 | D:12     | Your ally Arbeogh died
  4786 | D:12     | Noticed a skeletal warrior
  4888 | D:12     | Killed a skeletal warrior
  4925 | D:12     | Killed a skeletal warrior
  5010 | D:12     | Noticed Psyche
  5015 | D:12     | Noticed Psyche
  5015 | D:12     | Psyche changed into Psyche the golden eye
  5017 | D:12     | Killed Psyche the golden eye
  5061 | D:12     | Noticed a deep elf mage
  5087 | D:12     | Killed a deep elf mage
  5087 | D:12     | Reached skill level 5 in Armour
  5143 | D:12     | Killed an unseen horror
  5157 | D:12     | Noticed Urug
  5173 | D:12     | Killed Urug
  5319 | D:12     | Killed a skeletal warrior
  5319 | D:12     | Reached skill level 1 in Charms
  5319 | D:12     | Reached skill level 1 in Necromancy
  5321 | D:12     | Reached XP level 12. HP: 36/113 MP: 18/18
  5522 | D:13     | Noticed a two-headed ogre
  5522 | D:13     | Noticed a two-headed ogre
  5536 | D:13     | Killed a two-headed ogre
  5536 | D:13     | Reached skill level 1 in Spellcasting
  5539 | D:13     | Killed a two-headed ogre
  5571 | D:13     | Noticed a centaur warrior
  5586 | D:13     | Killed a centaur warrior
  5660 | D:13     | Found a frozen archway.
  5676 | IceCv    | Entered an ice cave
  5791 | IceCv    | Reached skill level 16 in Long Blades
  6101 | IceCv    | Noticed a death yak
  6132 | IceCv    | Noticed a death yak
  6134 | IceCv    | Reached XP level 13. HP: 113/118 MP: 20/20
  6251 | IceCv    | Noticed a frost giant
  6256 | IceCv    | Killed a frost giant
  6278 | IceCv    | Reached skill level 5 in Necromancy
  6419 | D:13     | Found a gate to the Vaults.
  6478 | D:13     | Noticed an ogre mage
  6483 | D:13     | Killed an ogre mage
  6486 | D:13     | Identified a scroll of acquirement
  6539 | D:13     | Gained Agrik as an ally
  6661 | D:14     | Reached skill level 5 in Charms
  6803 | D:15     | Entered Level 15 of the Dungeon
  6857 | D:15     | Your ally Agrik died
  6947 | D:15     | Reached skill level 10 in Invocations
  7003 | D:15     | Found Ubuocof's Weapon Shoppe.
  7049 | D:15     | Bought a +0 double sword of holy wrath for 464 gold pieces
  7129 | D:15     | Reached XP level 14. HP: 45/127 MP: 21/21
  7237 | D:15     | HP: 4/127 [red ugly thing (23)]
  7606 | Orc:1    | Entered Level 1 of the Orcish Mines
  7713 | Orc:2    | Entered Level 2 of the Orcish Mines
  7718 | Orc:2    | Found a staircase to the Elven Halls.
  7950 | Orc:2    | Noticed Josephine
  8112 | Orc:2    | Reached skill level 17 in Long Blades
  8134 | Orc:2    | Killed Josephine
  8134 | Orc:2    | Gained Marbork as an ally
  8339 | Orc:1    | Found Has Adyo's General Store.
  8404 | Orc:1    | Bought a scroll of blinking for 112 gold pieces
  8654 | Orc:2    | Found Wucleror's Antique Weapon Emporium.
  8654 | Orc:2    | Found Woaciece's Antique Weapon Shop.
  8656 | Orc:2    | Found Vywaq Imunni's Armour Boutique.
  8658 | Orc:2    | Found Padosch's Weapon Shoppe.
  8672 | Orc:2    | Bought the +2 hat of the Bear Spirit {Spirit, +Rage rN+ MR++} for 547 gold pieces
  8672 | Orc:2    | Found the +2 hat of the Bear Spirit {Spirit, +Rage rN+ MR++}
  8802 | Elf:1    | Entered Level 1 of the Elven Halls
  8904 | Elf:1    | Found a portal to a secret trove of treasure.
  9040 | Elf:2    | Reached skill level 1 in Evocations
  9070 | Elf:2    | Found a huge runed gate.
  9070 | Elf:2    | Found a huge runed gate.
  9070 | Elf:2    | Found a huge runed gate.
  9070 | Elf:2    | Found a huge runed gate.
  9103 | Elf:2    | Found a huge runed gate.
  9213 | Elf:1    | Got a bound wooden ring
  9224 | Elf:1    | Identified the ring "Fuat Gawni" {rF+ rC+ Dex+3 SInv} (You found it on level 1 of the Elven Halls)
  9280 | Elf:2    | Found Bafin's Weapon Emporium.
  9380 | Elf:1    | Identified Akhuafa's Papyrus of Unholy Arts
  9402 | Elf:1    | Noticed a deep elf demonologist
  9407 | Elf:1    | Reached ***** piety under Beogh
  9408 | Elf:1    | Gained Norbak as an ally
  9413 | Elf:1    | Killed a deep elf demonologist
  9515 | Elf:1    | Reached XP level 15. HP: 103/134 MP: 23/23
  9641 | Elf:2    | Gained Margrim as an ally
  9672 | Elf:2    | Your ally Norbak died
  9716 | Elf:2    | Found Wuijogg's Armour Shop.
  9717 | Elf:2    | Found Juluzeon's Gadget Shop.
  9717 | Elf:2    | Found Xouprerr's Armour Boutique.
  9722 | Elf:2    | Found Kerhiefy's Assorted Antiques.
  9749 | Elf:2    | Bought a scroll of teleportation for 96 gold pieces
  9787 | Elf:2    | Noticed a deep elf sorcerer
  9792 | Elf:2    | Found Tust's Gadget Shop.
  9796 | Elf:2    | Killed a deep elf sorcerer
  9979 | Elf:3    | Entered Level 3 of the Elven Halls
 10012 | Elf:3    | Noticed a deep elf sorcerer
 10013 | Elf:3    | :(
 10018 | Elf:3    | Killed a deep elf sorcerer
 10020 | Elf:3    | Noticed a Brimstone Fiend
 10021 | Elf:3    | Noticed a deep elf elementalist
 10024 | Elf:3    | Noticed an Executioner
 10031 | Elf:3    | Noticed a deep elf sorcerer
 10034 | Elf:3    | HP: 6/134 [lorocyproca[a deep elf demonologist] (21)]
 10036 | Elf:3    | Killed from afar by a deep elf high priest

Vault maps used:
D:1:      minmay_arrival_glassed_features, wad_floor_pattern_untrapped
D:2:      lemuel_coloured_pillars_altar, first_ration, tgw_trog, uniq_terence,
          uniq_natasha
D:3:      lemuel_blue_sif_altar, uniq_grinder
D:4:      corexii_shantytown, grunt_temple_overflow_opulence,
          trog_three_pillars_becter, uniq_duvessa
D:5:      lightli_church_of_beogh, uniq_prince_ribbit1
D:6:      grunt_temple_overflow_diamond, minmay_temple_entry_overgrown
D:8:      lair_entry_dummy, the_bakery, water_maze_lemuel
D:9:      serial_shops, shop, nicolae_shop_statue_plus, kennysheep_little_box
D:10:     basic_altar, serial_bayou_pond_d, minivault_27, uniq_snorg
D:11:     orc_0_dummy, serial_shops, shop, basic_altar
D:12:     serial_shops, shop, uniq_psyche, uniq_urug
D:13:     david_vaults_2, portal_ice_cave_demonic_guard,
          nrook_guardian_serpent_double
D:14:     minmay_staircase_bubble, serial_shops, nicolae_shop_crystal,
          nicolae_qazlal_style_of_elements
D:15:     grunt_enter_depths_snipers, minmay_misc_feat_room, serial_shops, shop
Orc:1:    serial_shops, shop, nicolae_orc_lost_temple
Orc:2:    st_orc_rangers, sword_in_stone, uniq_josephine
Elf:1:    minmay_elf_arrival_plus, enter_trove_3, basic_altar,
          minmay_elf_necromancy
Elf:2:    serial_shops, nicolae_shop_behind_doors, shop, minmay_shoptagon
Elf:3:    minmay_elf_hall_curves
IceCv:    ice_cave_caverns_02

Skill      XL: |  1  2  3  4  5  6  7  8  9 10 11 12 13 14 15 |
---------------+----------------------------------------------+-----
Fighting       | 4 7 8 |  8.3
Long Blades    | 3 8 12 13 14 15 16 17 | 17.8
Dodging        | 4 5 6 7 8 |  8.9
Invocations    | 1 3 5 6 8 9 10 11 | 11.7
Armour         | 5 6 7 8 9 |  9.1
Charms         | 1 4 5 6 |  6.1
Necromancy     | 1 4 6 |  6.7
Spellcasting   | 2 3 4 |  4.9
Shields        | 4 |  4.0
Evocations     | 2 3 |  3.7

Action                   |  1- 3 |  4- 6 |  7- 9 | 10-12 | 13-15 || total
-------------------------+-------+-------+-------+-------+-------++-------
Melee: Long sword        |    82 |    91 |    88 |       |       ||   261
       Falchion          |       |       |   269 |   435 |       ||   704
       Scimitar          |       |       |       |   173 |   141 ||   314
       Demon blade       |       |       |       |       |   599 ||   599
       Double sword      |       |       |       |       |     3 ||     3
 Cast: Regeneration      |       |       |       |     1 |       ||     1
Invok: Convert to Beogh  |     1 |       |       |       |       ||     1
       Smiting           |       |       |     5 |    18 |    26 ||    49
       Recall Orcish Fol |       |       |     1 |     6 |     1 ||     8
       Stop Recall       |       |       |     1 |     3 |     1 ||     5
Evoke: Wand              |       |     3 |     5 |    11 |    11 ||    30
       Lamp of fire      |       |       |       |       |     1 ||     1
  Use: Potion            |     2 |     7 |       |     1 |     7 ||    17
       Scroll            |       |     5 |     4 |     5 |    19 ||    33
 Stab: Distracted        |       |       |     1 |     1 |     2 ||     4
  Eat: Chunk             |       |     3 |    10 |    15 |    14 ||    42
       Ration            |       |       |       |     2 |       ||     2
Armor: Scale mail        |    61 |    18 |       |   198 |   241 ||   518
       Chain mail        |       |    25 |   137 |    34 |       ||   196
       Troll leather arm |       |       |       |    23 |       ||    23
Dodge: Dodged            |    57 |    55 |   107 |   276 |   304 ||   799
Block: Buckler           |       |       |       |       |   110 ||   110
       Rpst.: Long sword |    20 |    18 |     6 |       |       ||    44
       Falchion          |       |       |    25 |    48 |       ||    73
       Scimitar          |       |       |       |    24 |    13 ||    37
       Demon blade       |       |       |       |       |    51 ||    51

Table legend:
 A = Spawn XP
 B = Non-spawn XP
 C = Spawn XP percentage of total XP
 D = Spawn monster count
 E = Non-spawn monster count
 F = Spawn count percentage of total count
 G = Total turns spent on level
                    A         B        C        D         E        F      G
               +---------+---------+-------+---------+---------+-------+---------
         Total |       0 |  100864 |   0.0 |       0 |     528 |   0.0 | 10036
               +---------+---------+-------+---------+---------+-------+---------
           D:1 |       0 |      28 |   0.0 |       0 |      13 |   0.0 |   182
           D:2 |       0 |     169 |   0.0 |       0 |      18 |   0.0 |   522
           D:3 |       0 |     149 |   0.0 |       0 |      28 |   0.0 |   564
           D:4 |       0 |     569 |   0.0 |       0 |      41 |   0.0 |   668
           D:5 |       0 |     515 |   0.0 |       0 |      23 |   0.0 |   435
           D:6 |       0 |     454 |   0.0 |       0 |       6 |   0.0 |   415
           D:7 |       0 |     572 |   0.0 |       0 |      14 |   0.0 |   275
           D:8 |       0 |    2406 |   0.0 |       0 |      40 |   0.0 |   461
           D:9 |       0 |     600 |   0.0 |       0 |      13 |   0.0 |   341
          D:10 |       0 |    1402 |   0.0 |       0 |      16 |   0.0 |   355
          D:11 |       0 |    3626 |   0.0 |       0 |      36 |   0.0 |   531
          D:12 |       0 |    9146 |   0.0 |       0 |      34 |   0.0 |   778
          D:13 |       0 |    8653 |   0.0 |       0 |      25 |   0.0 |   508
          D:14 |       0 |    1111 |   0.0 |       0 |       8 |   0.0 |   280
          D:15 |       0 |   16219 |   0.0 |       0 |      38 |   0.0 |   601
         Orc:1 |       0 |    2712 |   0.0 |       0 |      20 |   0.0 |   282
         Orc:2 |       0 |    8625 |   0.0 |       0 |      58 |   0.0 |   914
         Elf:1 |       0 |   10712 |   0.0 |       0 |      18 |   0.0 |   605
         Elf:2 |       0 |   15929 |   0.0 |       0 |      27 |   0.0 |   572
         Elf:3 |       0 |    4332 |   0.0 |       0 |       4 |   0.0 |    57
         IceCv |       0 |   12935 |   0.0 |       0 |      48 |   0.0 |   690
               +---------+---------+-------+---------+---------+-------+---------
